[Event "Early-Titled-Tuesday-Blitz-November-28-2023"]
[Site "Chess.com"]
[Date "2023.11.28"]
[Round "9"]
[White "chesstrainer2042"]
[Black "jcmesafischer"]
[Result "1-0"]
[WhiteElo "2506"]
[BlackElo "2334"]
[TimeControl "180+1"]
[EndTime "9:52:28 PST"]
[Termination "chesstrainer2042 won by checkmate"]

1. c4 Nf6 2. g3 e6 3. Bg2 d5 4.
Nf3 Be7 5. O-O O-O 6. d4 dxc4 7. Ne5 Nc6 8. Nxc6 bxc6 9. Bxc6 Rb8 10. Na3 Bxa3 11. bxa3 Nd5 12. Qe1 Bd7 13. Bxd7 Qxd7 14. Qa5 Rb5 15. Qxa7 Nc3 16. Re1 Qc6 17. a4 Rh5 18.
Bf4 Nd5 19. Rac1 Ra8 20. Rxc4 Rxa7 21. Rxc6 Rxa4 22. Bxc7 h6 23. e4 Nxc7 24. Rxc7 Rxd4 25. Re2 Re5 26. f3 Ra5 27. Kf2 Ra3 28. Rb2 e5 29. g4 f6 30. Rbb7 Rxa2+ 31. Kg3 Rdd2 32. Rxg7+ Kf8 33. Rgf7+ Ke8 34. g5 Rg2+ 35. Kh4 Rxg5 36.
Rfe7+ Kf8 37. Rf7+ Kg8 38. h3 Rg6 39. Rfc7 Kh8 40. Rc8+ Rg8 41. Rcc7 Rg6 42. Kh5 Rag2 43. Rc8+ Rg8 44. Rxg8+ Kxg8 45. Kxh6 Rg3 46. h4 Rxf3 47. Kg6 Rf4 48. Rb8# 1-0

[Event "Early-Titled-Tuesday-Blitz-November-28-2023"]
[Site "Chess.com"]
[Date "2023.11.28"]
[Round "9"]
[White "emeli_chess"]
[Black "masenik"]
[Result "0-1"]
[WhiteElo "2376"]
[BlackElo "2501"]
[TimeControl "180+1"]
[EndTime "9:52:29 PST"]
[Termination "masenik won by resignation"]

1. d4 Nf6 2. c4 e6 3. Nc3 Bb4 4. Qc2 d5 5. cxd5 exd5 6. Bg5 O-O 7. a3 Bxc3+ 8. Qxc3 c6 9. e3 Bf5 10. Nf3 Nbd7 11. Be2 h6 12. Bxf6 Qxf6 13. O-O Rfc8 14. b4 Bg4 15. Rfc1 h5 16. Ra2 h4 17. h3 Bf5 18. Bd3 Bxd3 19. Qxd3 a6 20. Rac2 Nb6 21. Ne5 Qe6 22. Rc3 f6 23. Qg6 Qe8 24. Qxe8+ Rxe8 25. Nd3 Nc4 26. a4 b5 27. a5 Re7 28. Nc5 Kf7 29. Re1 f5 30. f3 g5 31. Kf2 Kg6 32. Rc2 Kf6 33. e4 fxe4 34. fxe4 dxe4 35. Nxe4+ Kg6 36. Rce2 Rf8+ 37. Kg1 Rfe8 38. Nc3 Rxe2 39. Rxe2 Rxe2 40. Nxe2 Kf5 41. Kf2 Nd2 42. Ke3 Ne4 43. Kd3 Nd6 44. Nc3 Kf4 45. d5 cxd5 46. Nxd5+ Kg3 47. Nc7 Kxg2 48. Nxa6 Kxh3 49. Nc5 g4 50. a6 Nc8 51. Ne4 g3 52. Ke3 Kh2 53. Nd2 h3 54. Nf3+ Kh1 55.
Nh4 g2 56. Nf3 h2 57. a7 Nxa7 0-1

[Event "Early-Titled-Tuesday-Blitz-November-28-2023"]
[Site "Chess.com"]
[Date "2023.11.28"]
[Round "9"]
[White "sokidze"]
[Black "Kirill_Klukin"]
[Result "1-0"]
[WhiteElo "2766"]
[BlackElo "2848"]
[TimeControl "180+1"]
[EndTime "9:52:30 PST"]
[Termination "sokidze won by resignation"]

1. d4 Nf6 2. c4 Nc6 3. Nf3 e6 4. a3 d6 5. b4 g6 6. Bb2 Bg7 7.
Nbd2 O-O 8. e4 e5 9. d5 Ne7 10. Bd3 Nh5 11. g3 f5 12. exf5 Bxf5 13. Bxf5 Nxf5 14. O-O Nf6 15. Ng5 Qd7 16. Nde4 Nxe4 17. Nxe4 h6 18. Qd3 Rf7 19. f3 Raf8 20. Rf2 a6 21.
Raf1 c6 22. Kg2 b5 23. Re1 cxd5 24. cxd5 Rc8 25. Ref1 Ne7 26. f4 Rcf8 27. fxe5 Rxf2+ 28. Rxf2 Rxf2+ 29. Nxf2 dxe5 30. d6 Nf5 31. Ne4 Kh8 32. h3 Nd4 33. Kh2 Kh7 34. Qf1 Qe6 35. Qg2 Bf8 36.
Qf2 Bxd6 37. Nxd6 Qxd6 38. Qf7+ Kh8 39. Qe8+ Kg7 40. Kg2 Nf5 41. Bxe5+ Qxe5 42. Qxe5+ Kf7 43. Kf3 Ne7 44. Qc7 Ke6 45. Qb6+ Ke5 46. Qxa6 Nf5 47. Qxb5+ Ke6 48. Qb6+ Ke5 49. a4 Nd4+ 50. Kg2 Nf5 51.
a5 h5 52. a6 Ke4 53. a7 Ne3+ 54. Kh2 Nd5 55. Qb7 1-0

[Event "Early-Titled-Tuesday-Blitz-November-28-2023"]
[Site "Chess.com"]
[Date "2023.11.28"]
[Round "9"]
[White "SnekkerAndersen"]
[Black "Timerkhanov"]
[Result "1-0"]
[WhiteElo "2551"]
[BlackElo "2675"]
[TimeControl "180+1"]
[EndTime "9:52:31 PST"]
[Termination "SnekkerAndersen won by resignation"]

1. d4 d5 2. Bf4 Nf6 3. e3 c5 4. c3 Nc6 5. Nd2 cxd4 6. exd4 Bf5 7. Qb3 Qc8 8. Ngf3 e6 9. Ne5 Be7 10. Be2 O-O 11. O-O Nxe5 12. Bxe5 Ne8 13. Rac1 Nd6 14. c4 dxc4 15. Nxc4 Qd7 16. Bf3 Nxc4 17. Rxc4 Rac8 18. Rxc8 Rxc8 19. Bxb7 Rc2 20. Bf3 h6 21. d5 Bc5 22. dxe6 fxe6 23. Qb7 Qxb7 24. Bxb7 Bd3 25. Rd1 Rxf2 26. Kh1 Re2 27. Bc3 Be4 28.
Bxe4 Rxe4 29. h3 e5 30. Rd7 Bd4 31. Bxd4 exd4 32. Kg1 Re2 33. Rxd4 Rxb2 34. Ra4 Rb7 35. Ra6 Kf7 36. Kf2 Ke7 37. Ke3 Kf7 38. g3 Kg8 39. h4 Kh7 40. a3 h5 41. Kf4 g6 42.
a4 Kg7 43. Ke5 Re7+ 44. Kd6 Rf7 45. Kc5 Kh6 46. a5 Rf3 47. Rxa7 Rxg3 48. Rb7 Ra3 49. Kb5 g5 50. Rb6+ Kg7 51. hxg5 h4 52. Rh6 h3 53. a6 Rg3 54. Kb6 Rxg5 55. Rxh3 Rg6+ 56. Kb7 1-0

[Event "Early-Titled-Tuesday-Blitz-November-28-2023"]
[Site "Chess.com"]
[Date "2023.11.28"]
[Round "9"]
[White "Sadykov_Ramil"]
[Black "Kostya0705"]
[Result "1-0"]
[WhiteElo "2708"]
[BlackElo "2545"]
[TimeControl "180+1"]
[EndTime "9:52:36 PST"]
[Termination "Sadykov_Ramil won on time"]

1. Nf3 Nf6 2. c4 e6 3. g3 d5 4. Bg2 dxc4 5. Qa4+ Nbd7 6. Qxc4 a6 7. Qc2 c5 8. O-O Qc7 9. d4 b5 10. Bf4 Qb6 11.
dxc5 Bxc5 12. a4 b4 13. Nbd2 O-O 14. a5 Qa7 15. Nb3 Be7 16. Ne5 Bb7 17. Be3 Qb8 18.
Nc6 Bxc6 19. Qxc6 Qe5 20. Nd4 Bc5 21. Rfd1 Ra7 22. Rac1 Rc7 23. Qxa6 Ng4 24. Nf3 Qh5 25. Bxc5 Nxc5 26. Qb5 Nxf2 27. Rd4 h6 28. Rdc4 Nfe4 29. a6 Qd5 30. Nd4 Rfc8 31. Qxb4 Qe5 32. Nb5 Qf5 33.
Nxc7 Qf2+ 34. Kh1 Qe3 35. Rf1 Nf2+ 36. Rxf2 Qxf2 37. Rc1 Ne4 38. Qxe4 Rxc7 39. Rf1 Qc5 40. Qa8+ Kh7 41. Qe4+ Kg8 42. Qb7 Rxb7 43. axb7 Qc7 44.
Ra1 Kh7 45. Be4+ f5 46. Ra8 Qc1+ 47. Kg2 Qe1 48. Bf3 e5 49. b8=Q e4 50. Qh8+ Kg6 51. Qe8+ Kg5 52. Qe7+ Kg6 53. Bh5+ Kh7 54. Qe5 1-0

[Event "Early-Titled-Tuesday-Blitz-November-28-2023"]
[Site "Chess.com"]
[Date "2023.11.28"]
[Round "9"]
[White "Iball95"]
[Black "jk13"]
[Result "0-1"]
[WhiteElo "2821"]
[BlackElo "2637"]
[TimeControl "180+1"]
[EndTime "9:52:37 PST"]
[Termination "jk13 won on time"]

1. e4 e5 2. Nf3 Nc6 3. Nc3 Nf6 4. Bb5 Bd6 5. a3 O-O 6. d3 Bc5 7. Bc4 a6 8. Be3 Bxe3 9. fxe3 d6 10. O-O Be6 11.
Nd5 Bxd5 12. exd5 Ne7 13. e4 Ng6 14. g3 h6 15. Qd2 Nd7 16. c3 Qe7 17. Rae1 f5 18.
exf5 Rxf5 19. d4 Raf8 20. Kg2 e4 21. Ng1 Rxf1 22. Rxf1 Rxf1 23. Bxf1 Nf6 24. c4 c6 25.
dxc6 bxc6 26. h3 Qe6 27. Qe3 a5 28. b3 Qf5 29. Ne2 d5 30. Nf4 Ne7 31. c5 g5 32.
Ne2 Kg7 33. b4 axb4 34. axb4 h5 35. Nc3 g4 36. hxg4 Nxg4 37. Qf4 Qxf4 38. gxf4 Nf5 39.
b5 cxb5 40. Nxb5 Kf6 41. c6 Ke7 42. c7 Kd7 43. Nc3 Ne7 44. Ba6 Kxc7 45. Kg3 Kd6 46.
Bb7 Nf5+ 47. Kh3 Nf6 48. Bc8 Nxd4 49. Bb7 Kc5 50. f5 Kc4 51. Na4 Nxf5 52. Nb6+ Kd4 53. Bc8 Ke5 54. Bxf5 Kxf5 55. Nd7 Nxd7 0-1

[Event "Early-Titled-Tuesday-Blitz-November-28-2023"]
[Site "Chess.com"]
[Date "2023.11.28"]
[Round "9"]
[White "GMJustin"]
[Black "AccioChess"]
[Result "1-0"]
[WhiteElo "2317"]
[BlackElo "2473"]
[TimeControl "180+1"]
[EndTime "9:52:37 PST"]
[Termination "GMJustin won by checkmate"]

1. e4 c5 2. Ne2 d6 3. Nbc3 Nf6 4. d4 cxd4 5. Nxd4 a6 6. Bg5 e6 7. f4 Nbd7 8. Qf3 Qc7 9. O-O-O b5 10. e5 Bb7 11.
Qh3 dxe5 12. Nxe6 fxe6 13. Qxe6+ Be7 14. Bxf6 Nxf6 15. fxe5 Ne4 16. Nxb5 Qc5 17. Nd6+ Nxd6 18. exd6 Qg5+ 19. Kb1 Qf6 20. Qxe7+ Qxe7 21. dxe7 Kxe7 22. Bc4 Rhd8 23. Kc1 Bxg2 24. Rxd8 Rxd8 25. Rg1 Be4 26. Rxg7+ Kf6 27. Rg3 a5 28. Bd3 Bd5 29. Bxh7 Rh8 30.
Bd3 Rxh2 31. b3 a4 32. Kb2 axb3 33. axb3 Ke5 34. Rg5+ Kd6 35. b4 Be6 36. Rg6 Ke7 37. Kc3 Bd7 38. Rg5 Kd6 39. Rc5 Bc6 40. Kb3 Bd5+ 41. c4 Be6 42. Kc3 Rh3 43. Rg5 Rh1 44. c5+ Kc7 45. Rg7+ Kb8 46. Kd4 Rh4+ 47. Ke5 Bc8 48. b5 Rh5+ 49. Kd6 Rh1 50. Bc4 Rd1+ 51. Bd5 Bf5 52. c6 Be4 53. c7+ Kc8 54. Rg8# 1-0

[Event "Early-Titled-Tuesday-Blitz-November-28-2023"]
[Site "Chess.com"]
[Date "2023.11.28"]
[Round "9"]
[White "Willi_Skibbe"]
[Black "giomar27"]
[Result "1-0"]
[WhiteElo "2293"]
[BlackElo "2418"]
[TimeControl "180+1"]
[EndTime "9:52:37 PST"]
[Termination "Willi_Skibbe won by resignation"]

1. e4 e5 2. Nc3 Nf6 3. Bc4 Nc6 4. d3 Bc5 5. Nf3 d6 6. Na4 Bb6 7. Nxb6 axb6 8. a3 O-O 9. h3 Ne7 10.
Ba2 Ng6 11. g3 Be6 12. c4 h6 13. Kf1 Nd7 14. Kg2 f5 15. exf5 Rxf5 16. d4 Qf8 17. Bb1 Rf6 18. d5 Bf5 19. Bxf5 Rxf5 20. Be3 Nc5 21.
Bxc5 bxc5 22. Qe2 Re8 23. Rhf1 e4 24. Nd2 Rg5 25. Qe3 Nh4+ 26. Kh2 Nf5 27. Qf4 Nd4 28. Qxf8+ Kxf8 29. Rae1 Rge5 30. Re3 Nf5 31. Rb3 b6 32. f4 exf3 33. Rbxf3 Kg8 34. Rxf5 Rxf5 35.
Rxf5 Re2+ 36. Kg1 Rxd2 37. Rf2 Rd4 38. Rc2 Kf7 39. Kf2 Ke7 40. Ke3 Kd7 41. b3 c6 42.
dxc6+ Kxc6 43. Rd2 Rxd2 44. Kxd2 b5 45. Kc3 Kb6 46.
Kd3 Ka5 47. cxb5 Kxb5 48. Ke4 Kc6 49. a4 d5+ 50. Ke5 d4 51. Ke4 Kb6 52. Kd3 Ka5 53. Kc4 Kb6 54. b4 cxb4 55. Kxb4 d3 56. Kc3 Ka5 57.
Kxd3 Kxa4 58. Ke4 Kb5 59. Kf5 g5 60. Kg6 Kc5 61. Kxh6 Kd5 1-0

[Event "Early-Titled-Tuesday-Blitz-November-28-2023"]
[Site "Chess.com"]
[Date "2023.11.28"]
[Round "9"]
[White "JuniorJumper"]
[Black "Gabix_94"]
[Result "0-1"]
[WhiteElo "2567"]
[BlackElo "2750"]
[TimeControl "180+1"]
[EndTime "9:52:39 PST"]
[Termination "Gabix_94 won by checkmate"]

1. b3 f6 2. Bb2 Nh6 3. e4 e5 4. d4 exd4 5. Nf3 Nc6 6. Nxd4 Bb4+ 7. c3 Be7 8. Bc4 Ne5 9. Qh5+ Kf8 10. Nf5 Nxf5 11. exf5 d5 12. Be2 Qe8 13. Qxe8+ Kxe8 14. g4 h5 15. f3 hxg4 16. fxg4 Rh3 17. Nd2 Kf7 18. O-O-O Bd7 19. c4 Nd3+ 20. Bxd3 Rxd3 21. cxd5 Rxd5 22. Nc4 Rxd1+ 23. Rxd1 Bc6 24. Na5 Bf3 25. Rd7 b6 26. Nc4 Bxg4 27. Ba3 c5 28. Rb7 Kf8 29. Ne3 Bf3 30. Rd7 Bc6 31. Rd2 Rd8 32. Rxd8+ Bxd8 33. b4 cxb4 34. Bxb4+ Kf7 35. Bd6 b5 36. Bc5 a5 37.
Kd2 Bc7 38. h3 Be4 39. a3 Bf4 40. Bb6 b4 41. axb4 axb4 42. Ke2 b3 43. Nc4 Bxf5 44. Be3 Bxe3 45. Kxe3 Be6 46. Nb2 Bxh3 47. Kf4 Be6 48. Ke3 g5 49. Kf2 Kg6 50. Kg3 f5 51. Kf3 Kf6 52.
Ke3 f4+ 53. Kf3 Bd5+ 54. Kg4 Be6+ 55. Kf3 Kf5 56. Nd3 Bd5+ 57. Kf2 g4 58. Nb2 g3+ 59. Kg1 f3 60. Kf1 Kf6 61. Nd3 Bc4 62. Ke1 Bxd3 63. Kd2 b2 64. Ke3 Be2 65. Kf4 g2 66. Ke4 b1=B+ 67.
Kf4 g1=B 68. Kg3 Bb6 69. Kh2 Kg5 70. Kg3 f2 71. Kh2 Bf3 72. Kh3 Bbe4 73. Kg3 f1=N+ 74. Kh3 Bf5# 0-1

[Event "Early-Titled-Tuesday-Blitz-November-28-2023"]
[Site "Chess.com"]
[Date "2023.11.28"]
[Round "9"]
[White "Alexei_Gubajdullin"]
[Black "FARIZA2018"]
[Result "1-0"]
[WhiteElo "2677"]
[BlackElo "2533"]
[TimeControl "180+1"]
[EndTime "9:52:39 PST"]
[Termination "Alexei_Gubajdullin won on time"]

1. d4 Nf6 2. Nf3 d5 3. Bf4 c5 4.
e3 Nc6 5. Nbd2 cxd4 6. exd4 Bf5 7. c3 e6 8. Qb3 Qc8 9. Nh4 Be4 10. Nxe4 Nxe4 11.
Nf3 Bd6 12. Bxd6 Nxd6 13. Bd3 h6 14. O-O O-O 15. Rae1 Qc7 16. Qd1 Rae8 17. Bb1 f5 18.
Re2 Ne4 19. Ne1 Nd8 20. f3 Nf6 21. Nd3 Nf7 22. Rfe1 Qd7 23. Nf4 Nd8 24. h4 Qd6 25. Qd2 Kf7 26. h5 Nd7 27. g4 e5 28. Bxf5 Kg8 29.
Ng6 Rf7 30. dxe5 Qb6+ 31. Kg2 Nc5 32. Qxd5 Nce6 33. Kg3 Qc7 34. Qd6 Qc4 35. Be4 Qxa2 36.
Bd5 Qa4 37. Re4 Qb5 38. f4 Rd7 39. Bxe6+ Nxe6 40. Qb4 Qd3+ 41. R4e3 Qc2 42. R3e2 Rd3+ 43. Kh2 Rd2 44. Qc4 b5 45. Rxd2 Qxd2+ 46. Qe2 Qd5 47. Qe4 Qd2+ 48. Re2 Qc1 49. f5 Ng5 50. Qd5+ Kh7 51. f6 Rg8 52. Qd3 gxf6 53. Ne7+ Kg7 54. exf6+ Kf8 55. Nxg8 Qf4+ 56. Qg3 Nf3+ 57. Kg2 1-0

[Event "Early-Titled-Tuesday-Blitz-November-28-2023"]
[Site "Chess.com"]
[Date "2023.11.28"]
[Round "9"]
[White "Qvalda"]
[Black "kubal123"]
[Result "1/2-1/2"]
[WhiteElo "2435"]
[BlackElo "2544"]
[TimeControl "180+1"]
[EndTime "9:52:39 PST"]
[Termination "Game drawn by repetition"]

1. Nf3 Nf6 2. g3 g6 3. b3 Bg7 4. Bb2 O-O 5. Bg2 c5 6. c4 Nc6 7. O-O d6 8. d4 cxd4 9. Nxd4 Bd7 10. Nc3 a6 11. Nxc6 bxc6 12. c5 d5 13. Na4 Qc7 14.
Nb6 Rad8 15. Nxd7 Nxd7 16. Bxg7 Kxg7 17. b4 e5 18. Qd3 f5 19. Qxa6 e4 20. e3 Ne5 21.
Qe2 g5 22. a4 f4 23. exf4 gxf4 24. gxf4 Rxf4 25. b5 Rh4 26. h3 Rxh3 27. Bxh3 Nf3+ 28. Qxf3 exf3 29. Kh1 cxb5 30. axb5 Qxc5 31. Rab1 Rb8 32. Bg4 Rxb5 33. Bxf3 Rxb1 34. Rxb1 Qxf2 35. Bxd5 Qh4+ 36. Kg1 Qg5+ 37. Bg2 Qe3+ 38. Kh1 h6 39. Rf1 Kg6 40. Rf3 Qe1+ 41. Kh2 Qe5+ 42. Kg1 Kg5 43. Rh3 Qe1+ 44.
Kh2 Qf2 45. Rf3 Qh4+ 46. Kg1 Qd4+ 47. Kh2 Qe5+ 48. Kg1 Kg4 49. Rh3 Qe1+ 50. Kh2 Qe5+ 51. Kg1 h5 52. Rf3 Qe1+ 53. Kh2 Qe5+ 54. Kg1 Qc5+ 55.
Kh2 Qd6+ 56. Kg1 h4 57. Rh3 Qd1+ 58. Kh2 Qd6+ 59. Kg1 Qe5 60. Rf3 Qe1+ 61. Kh2 Qd2 62. Rh3 Qf4+ 63. Kg1 Qc1+ 64. Kh2 Qc7+ 65. Kg1 Qd6 66.
Rf3 Qe5 67. Rh3 Qe1+ 68. Kh2 Qe5+ 69. Kg1 Qa1+ 70. Kh2 Qe5+ 71. Kg1 1/2-1/2

[Event "Early-Titled-Tuesday-Blitz-November-28-2023"]
[Site "Chess.com"]
[Date "2023.11.28"]
[Round "9"]
[White "LimeInTheCoconut"]
[Black "infantaria08"]
[Result "1-0"]
[WhiteElo "2387"]
[BlackElo "2207"]
[TimeControl "180+1"]
[EndTime "9:52:40 PST"]
[Termination "LimeInTheCoconut won by checkmate"]

1. e4 e5 2. Nf3 Nc6 3. Bb5 a6 4. Ba4 d6 5. Bxc6+ bxc6 6. h3 f5 7. d3 fxe4 8. dxe4 Nf6 9. Nc3 Be7 10. b3 O-O 11. Bb2 Qe8 12. Qd2 Qg6 13. Nh4 Qh5 14. g3 g5 15. Ng2 Bg4 16. Ne3 Bf3 17. Rh2 Bxe4 18. Nxe4 Nxe4 19. Qb4 Qf3 20. Qc4+ d5 21. Qe2 Qxe2+ 22. Kxe2 h6 23. Bxe5 Bc5 24. Bxc7 Bxe3 25. Kxe3 Rae8 26. Kd4 Rxf2 27. Rxf2 Nxf2 28. Kc5 Nxh3 29.
Kxc6 d4 30. Rd1 Re4 31. Kd5 Nf2 32. Rd2 Re7 33. Bd6 Ne4 34. Bxe7 Nxd2 35. Kxd4 Nf1 36.
Bd6 Kf7 37. c4 Ke6 38. c5 h5 39. b4 h4 40. g4 h3 41. a4 Nd2 42. b5 axb5 43.
axb5 Nb3+ 44. Kc4 Nd2+ 45. Kb4 Ne4 46. Bh2 Kd5 47. c6 Nd6 48. Ka5 Nc4+ 49. Ka6 Kc5 50. c7 Nd6 51. Bxd6+ Kxd6 52. c8=Q Ke5 53. Qc1 Ke4 54.
Qxg5 Kf3 55. Qh4 Kg2 56. g5 Kg1 57. Qxh3 Kf2 58. g6 Kg1 59. g7 Kf2 60. g8=Q Ke1 61.
Qgg2 Kd1 62. Qhh1# 1-0

[Event "Early-Titled-Tuesday-Blitz-November-28-2023"]
[Site "Chess.com"]
[Date "2023.11.28"]
[Round "9"]
[White "brm72"]
[Black "Boundless_Strike"]
[Result "0-1"]
[WhiteElo "2530"]
[BlackElo "2663"]
[TimeControl "180+1"]
[EndTime "9:52:41 PST"]
[Termination "Boundless_Strike won by checkmate"]

1. e4 d6 2. d4 e5 3. dxe5 Nc6 4. exd6 Bxd6 5. Nf3 Bg4 6. Be2 Qe7 7. h3 Bh5 8. Qd5 Nf6 9. Qb5 O-O-O 10. Nc3 Bxf3 11. Bxf3 Nd4 12. Qd3 Bb4 13. O-O Nb3 14. Qxd8+ Rxd8 15. axb3 a6 16. Bf4 Bd6 17. e5 Bxe5 18. Rfe1 Nd7 19.
Nd5 Qd6 20. Bxe5 Nxe5 21. Be4 g6 22. f4 Nc6 23. c3 f5 24. Bf3 Qc5+ 25. Kh2 Rxd5 26.
b4 Qc4 27. Bxd5 Qxd5 28. Rad1 Qf7 29. Re3 b6 30. Rde1 Qc4 31. Rf3 Kb7 32. Rb1 Na7 33. b3 Qe4 34. Rd1 Nb5 35. c4 Nd4 36. Rf2 c5 37.
bxc5 bxc5 38. Kh1 h6 39. Rfd2 a5 40. Ra1 Kb6 41. Rda2 Nxb3 42. Rb2 Qxc4 43. Rd1 a4 44. Rd6+ Kb5 45. Rf2 Qc1+ 46. Kh2 Qe3 47. Rf3 Qe4 48. Rd8 c4 49. Rb8+ Ka5 50. Rf2 Qd4 51. Re2 Qxf4+ 52.
g3 Qxb8 53. Re5+ Qxe5 54. h4 h5 55. Kh3 c3 56. g4 Qe3+ 57. Kg2 fxg4 58. Kh2 c2 59.
Kg2 c1=Q 60. Kh2 a3 61. Kg2 a2 62. Kh2 a1=Q 63. Kg2 Qa2# 0-1

[Event "Early-Titled-Tuesday-Blitz-November-28-2023"]
[Site "Chess.com"]
[Date "2023.11.28"]
[Round "9"]
[White "Burovic00"]
[Black "Actuary44"]
[Result "1-0"]
[WhiteElo "2571"]
[BlackElo "2442"]
[TimeControl "180+1"]
[EndTime "9:52:41 PST"]
[Termination "Burovic00 won on time"]

1. e4 b6 2. Nc3 Bb7 3. g3 e6 4.
Bg2 Nf6 5. d3 d5 6. Nf3 d4 7.
Ne2 c5 8. O-O Be7 9. Ne1 Nc6 10.
f4 Qc7 11. Nf3 O-O-O 12. h3 h6 13. g4 Nd7 14. c3 dxc3 15. bxc3 f6 16. Be3 g5 17. d4 gxf4 18. Nxf4 Nf8 19. d5 Ne5 20. Nxe5 fxe5 21. Nh5 exd5 22. exd5 Ne6 23. Rf7 Rd6 24. c4 Nd4 25. Qa4 Kb8 26. Raf1 b5 27. cxb5 Ne2+ 28. Kh1 Rxd5 29. Qe4 Nc3 30. Qg6 Rhd8 31. Qg7 R5d7 32. Qxh6 Bxg2+ 33. Kxg2 Rd6 34. Qh7 Qb7+ 35. Kh2 R6d7 36.
Qc2 Nd5 37. Bc1 Nb4 38. Qg2 Qxg2+ 39. Kxg2 Bh4 40. Rxd7 Rxd7 41. a4 Nc2 42. Nf6 Rd4 43.
Nh5 Rxa4 44. Ng3 Ra2 45. Rf2 Nb4 46. Rxa2 Nxa2 47. Nf5 Bd8 48. Bb2 e4 49. Kf2 Kb7 50. Ke3 Kb6 51. Nd6 Bc7 52. Nxe4 Kxb5 53. g5 c4 54. g6 Bb6+ 55. Kd2 c3+ 56. Bxc3 Nxc3 57. Kxc3 Bc7 58. Kd4 Bb6+ 59. Kd5 1-0

[Event "Early-Titled-Tuesday-Blitz-November-28-2023"]
[Site "Chess.com"]
[Date "2023.11.28"]
[Round "9"]
[White "Gabrielian_Artur"]
[Black "NovoselovRoman"]
[Result "1-0"]
[WhiteElo "2723"]
[BlackElo "2549"]
[TimeControl "180+1"]
[EndTime "9:52:42 PST"]
[Termination "Gabrielian_Artur won on time"]

1. e4 e6 2. d4 d5 3. Nc3 Nf6 4. Bg5 dxe4 5. Nxe4 Be7 6. Nxf6+ Bxf6 7. Bxf6 Qxf6 8.
Nf3 Nd7 9. Qd3 O-O 10. Qe4 Rd8 11.
Bd3 Nf8 12. O-O-O Ng6 13. g3 Rb8 14. h4 b6 15. Qe3 Bb7 16. Be4 Bxe4 17. Qxe4 Rd5 18.
Rd3 Rbd8 19. Rhd1 a5 20. a3 h6 21. Qe3 Rf5 22. Nd2 Ne7 23. Ne4 Qg6 24. c4 b5 25.
c5 Rfd5 26. Nc3 Nf5 27. Nxd5 Nxe3 28. Ne7+ Kh7 29. Nxg6 Nxd1 30. Nf8+ Rxf8 31. Kxd1 c6 32. Ke2 Rd8 33. Ke3 Kg6 34. Ke4 Rd5 35. b4 a4 36.
g4 h5 37. f3 hxg4 38. fxg4 f6 39.
Ke3 Rd8 40. Rd2 Rh8 41. Rh2 Kf7 42. h5 Rd8 43. Ke4 Rd5 44. h6 gxh6 45. Rxh6 Kg7 46.
Rh2 Rg5 47. Kf3 Rd5 48. Re2 Kg6 49. Rxe6 Rxd4 50. Rxc6 Rd3+ 51. Ke4 Rxa3 52. Rb6 Rg3 53. Rxb5 Rxg4+ 54. Kd5 f5 55. c6 Kf6 56. c7 Rg8 57.
Rb8 1-0

[Event "Early-Titled-Tuesday-Blitz-November-28-2023"]
[Site "Chess.com"]
[Date "2023.11.28"]
[Round "9"]
[White "Pastore1978"]
[Black "Crasmus"]
[Result "0-1"]
[WhiteElo "2371"]
[BlackElo "2291"]
[TimeControl "180+1"]
[EndTime "9:52:42 PST"]
[Termination "Crasmus won by resignation"]

1. e4 c5 2. Nf3 e6 3. d4 cxd4 4. Nxd4 a6 5. Bd3 Qc7 6. O-O Nf6 7.
Nc3 h5 8. Re1 Ng4 9. Nf3 Bc5 10.
Re2 Nc6 11. g3 h4 12. Bf4 Qb6 13. Qe1 hxg3 14. Bxg3 Nd4 15. Nxd4 Bxd4 16. a4 Qxb2 17. Nd5 Qxa1 18. Nc7+ Ke7 19. Qxa1 Bxa1 20. Nxa8 Bd4 21. Nc7 d6 22. c3 Bb6 23. h3 Ne5 24. Na8 Ba5 25. Bxe5 dxe5 26. Rb2 Bxc3 27. Rc2 Ba5 28. Rc5 Bb4 29. Rc7+ Kf6 30. Nb6 Ba5 31. Rxc8 Rxh3 32.
Nd7+ Ke7 33. Nc5 Bb4 34. Nxb7 Rxd3 35. Ra8 Kf6 36. Rxa6 Rd1+ 37. Kg2 Bc3 38. Kg3 Bd4 39. a5 Rd3+ 40. f3 Ra3 41. Ra8 Rb3 42. a6 Ra3 43. a7 Rxa7 44. Rxa7 Bxa7 45. Na5 Bc5 46. Nc4 Be7 47.
Ne3 Bd8 48. Ng2 Bc7 49. Ne1 Ke7 50. Nd3 f6 51. Nc5 g6 52. Nd3 Bb6 53. Nb4 Kd6 54.
Nd3 Ba5 55. Nf2 Be1 56. Kg2 Bxf2 57. Kxf2 Kc5 58. Ke3 Kc4 59. Kf2 Kd3 60. Kg2 Ke3 61.
Kg3 g5 62. Kg4 Kf2 63. Kh5 Kxf3 64. Kg6 Kxe4 65. Kxf6 g4 0-1

[Event "Early-Titled-Tuesday-Blitz-November-28-2023"]
[Site "Chess.com"]
[Date "2023.11.28"]
[Round "9"]
[White "campochess"]
[Black "Eloist"]
[Result "0-1"]
[WhiteElo "2217"]
[BlackElo "2357"]
[TimeControl "180+1"]
[EndTime "9:52:43 PST"]
[Termination "Eloist won by resignation"]

1. Nf3 Nf6 2. b3 b6 3. Bb2 Bb7 4. g3 g6 5. Bg2 Bg7 6. O-O O-O 7. d3 d5 8. Ne5 Ng4 9. d4 Nxe5 10. dxe5 e6 11. c4 c6 12. cxd5 cxd5 13. Nd2 Nd7 14. Nf3 Rc8 15. Qd4 Qe7 16. Rac1 Ba6 17. Rfe1 Rxc1 18.
Bxc1 Rc8 19. Bg5 Qa3 20. e4 h6 21. Bf6 Qc5 22. Qd2 Nxf6 23. exf6 Bxf6 24. exd5 Qxd5 25.
Qxh6 Bg7 26. Qf4 Qa5 27. Rd1 Be2 28. Rc1 Rxc1+ 29. Qxc1 Qxa2 30. Qc8+ Bf8 31. h4 Qxb3 32. Ne5 Qd1+ 33. Kh2 Qd6 34. Nc6 a5 35. Nb8 Kg7 36.
Nd7 Be7 37. Qc6 Qxc6 38. Bxc6 b5 39. Nb6 a4 40. Be4 Bc5 41. Nd7 Bxf2 42. Ne5 Bd4 43. Nc6 Be3 44. Nb4 a3 45. Nc2 Bd2 46. Nxa3 Bc4 47.
Nxc4 bxc4 48. Kg2 c3 49. Kf3 f5 50. Bc2 Kf6 51. Bd3 e5 52. Bc2 e4+ 53. Kf2 Ke5 54.
Bb1 Bh6 55. Bc2 Kd4 56. Ke2 Bg7 57. Bb3 Be5 58. Bf7 Bxg3 59. Bxg6 Bxh4 60. Bxf5 Bg5 61.
Bg6 c2 62. Bxe4 c1=Q 0-1

[Event "Early-Titled-Tuesday-Blitz-November-28-2023"]
[Site "Chess.com"]
[Date "2023.11.28"]
[Round "9"]
[White "K_A_S_T_O_R"]
[Black "rasmussvane"]
[Result "1-0"]
[WhiteElo "2869"]
[BlackElo "2978"]
[TimeControl "180+1"]
[EndTime "9:52:44 PST"]
[Termination "K_A_S_T_O_R won on time"]

1. e4 c6 2. Nf3 d5 3. d3 dxe4 4. dxe4 Qxd1+ 5. Kxd1 Nd7 6. Nfd2 e5 7. Nc4 Bc5 8. f3 f6 9. Nbd2 Nh6 10. Nb3 Nf7 11.
Nxc5 Nxc5 12. Be3 Ne6 13. c3 Ke7 14. a4 Rd8+ 15. Kc2 b6 16. b4 Bd7 17. g3 c5 18.
b5 Nc7 19. Bf2 Be6 20. Ne3 Nd6 21. c4 a6 22. Bd3 Ra7 23. Rhd1 Rda8 24. Rab1 axb5 25.
axb5 Bc8 26. Rb2 Bb7 27. Nd5+ Nxd5 28. exd5 g6 29. Re1 Kd7 30. Kc3 Ra3+ 31. Rb3 Ra2 32.
Re2 Ra1 33. f4 e4 34. Bxe4 Re8 35. Kd3 Rd1+ 36. Kc2 Rf1 37. Bxc5 bxc5 38. Bd3 Rxe2+ 39. Bxe2 Rf2 40. Kd1 Rxh2 41. Re3 h5 42. Re6 Ne8 43. g4 h4 44. g5 f5 45. Rxg6 Rh1+ 46. Kd2 h3 47.
Rh6 h2 48. Rh7+ Kc8 49. Bd3 Nd6 50. g6 Rg1 51. Rh8+ Kc7 52. Rh7+ Kb6 53. Rxh2 Rxg6 54.
Rh5 Rg4 55. Ke3 Rg3+ 56. Ke2 Rg2+ 57. Kf3 Rb2 58. Rh6 Kc7 59. Rh7+ Kb8 60. Rd7 1-0

[Event "Early-Titled-Tuesday-Blitz-November-28-2023"]
[Site "Chess.com"]
[Date "2023.11.28"]
[Round "9"]
[White "kunaevchess"]
[Black "katharinareinecke"]
[Result "0-1"]
[WhiteElo "2180"]
[BlackElo "2008"]
[TimeControl "180+1"]
[EndTime "9:52:44 PST"]
[Termination "katharinareinecke won by checkmate"]

1. e4 c6 2. d4 d5 3. f3 g6 4. Nc3 Bg7 5. Be3 e6 6. Qd2 h5 7. Bd3 Ne7 8. Nge2 Nd7 9. O-O Nb6 10. b3 Nd7 11. a4 b6 12. Rfb1 Bb7 13. b4 O-O 14. a5 b5 15. Nc1 a6 16. Nb3 Qc7 17.
Nc5 Nxc5 18. dxc5 Rad8 19. Ne2 Bxa1 20. Rxa1 Kh7 21. Bd4 e5 22. Be3 d4 23. Bg5 f6 24.
Bh4 Ng8 25. f4 Rde8 26. Rf1 Qg7 27. fxe5 fxe5 28. Qg5 Rxf1+ 29. Kxf1 Rf8+ 30. Kg1 Qf6 31. Qxf6 Nxf6 32. c3 dxc3 33. Nxc3 Ng4 34. Bg5 Bc8 35. h3 Nf6 36. Bc2 Be6 37. Nd1 Bc4 38. Ne3 Be2 39. Kf2 Nxe4+ 40. Kxe2 Nxg5 41. h4 Ne6 42.
Be4 Nf4+ 43. Kd2 Rd8+ 44. Kc2 Nd5 45. Nd1 Nxb4+ 46. Kb3 Nd3 47. Nc3 Nxc5+ 48. Kb4 Nxe4 49. Nxe4 Rd4+ 50. Kc5 Rxe4 51. Kxc6 Ra4 52. Kb6 b4 53. Kxa6 b3 54. Kb6 b2 55. a6 Rxa6+ 56. Kxa6 b1=Q 57. Ka5 Qe4 58. Ka6 Qxg2 59. Ka7 Qg4 60. Ka8 Qxh4 61. Ka7 e4 62. Ka6 e3 63. Ka5 e2 64.
Ka6 e1=Q 65. Ka7 Qee7+ 66. Ka8 Qa4+ 67. Kb8 Qb5+ 68. Kc8 Qbd7+ 69. Kb8 Qb7# 0-1